 Dungeon Crawl Stone Soup version 0.25.1-8-g42b30a86e7 (webtiles) character file.

Game seed: 8641110996567040589

316 Doot the Firebug (level 6, -8/37 HPs)
             Began as an Octopode Fire Elementalist on Dec 5, 2020.
             Killed by divine providence
             ... invoked by an orc priest
              (15 damage)
             ... on level 3 of the Dungeon.
             The game lasted 00:06:12 (3805 turns).

Doot the Firebug (Octopode Fire Elementalist)       Turns: 3805, Time: 00:06:13

Health: -8/37      AC:  1    Str:  8    XL:     6   Next: 44%
Magic:  2/11       EV: 13    Int: 19    God:
Gold:   159        SH:  0    Dex: 12    Spells: 3/11 levels left

rFire    + . .     SeeInvis .   o - +0 rapier
rCold    . . .     Gourm    .   (no shield)
rNeg     . . .     Faith    .   (helmet restricted)
rPois    .         Spirit   .   (no amulet)
rElec    .         Reflect  .   f - ring of protection from magic
rCorr    .         Harm     .   j - ring of protection from fire
MR       +....                  (no ring)
Stlth    +++.......             (no ring)
HPRegen  0.12/turn              (no ring)
MPRegen  0.12/turn              (no ring)
                                (no ring)
                                (no ring)

@: very slightly contaminated
A: almost no armour, stealthy swim, amphibious, 8 rings, constrict 8, camouflage
1, gelatinous body 1
a: no special abilities


You were on level 3 of the Dungeon.
You were hungry.

You visited 1 branch of the dungeon, and saw 3 of its levels.

You collected 159 gold pieces.

Inventory:

Hand Weapons
 e - a +0 dagger
 o - a +0 rapier (weapon)
Jewellery
 f - a ring of protection from magic (left tentacle)
 j - a ring of protection from fire (right tentacle)
 m - a +6 ring of dexterity {unknown}
Scrolls
 a - 3 scrolls of identify {unknown}
 d - a scroll of teleportation {unknown}
 g - a scroll of amnesia {unknown}
 h - a scroll of enchant armour {unknown}
 i - a scroll of enchant weapon {unknown}
 n - a scroll of fear {unknown}
 q - a scroll of remove curse {unknown}
Potions
 c - a potion of heal wounds {unknown}
 k - a potion of curing {unknown}
 l - a potion of ambrosia {unknown}
Comestibles
 b - 4 rations
 p - 5 chunks of flesh


   Skills:
 + Level 0.7 Fighting
 + Level 0.9 Short Blades
 + Level 2.4 Dodging
 + Level 4.1 Stealth
 + Level 3.4 Spellcasting
 + Level 2.8 Conjurations
 + Level 4.5 Fire Magic


You had 3 spell levels left.
You knew the following spells:

 Your Spells              Type           Power        Failure   Level  Hunger
a - Foxfire               Conj/Fire      ###.         3%          1    None
b - Sticky Flame          Conj/Fire      ###.....     32%         4    ####...
c - Conjure Flame         Conj/Fire      ###.....     10%         3    ###....

Your spell library contained the following spells:

 Spells                   Type           Power        Failure   Level  Hunger
 Inner Flame              Hex/Fire       ##......     17%         3    ###....
 Fireball                 Conj/Fire      ###.......   65%         5    ######.


Dungeon Overview and Level Annotations

Branches:
Dungeon (3/15)

Altars:
Kikubaaqudgha


Innate Abilities, Weirdness & Mutations

You cannot wear most types of armour.
You are very stealthy in the water. (Stealth+)
You are amphibious.
You can wear up to eight rings at the same time.
You can use your tentacles to constrict eight enemies at once.
Your skin changes colour to match your surroundings (Stealth+).
Your rubbery body absorbs attacks. (AC +1, EV +1)


Message History

You conjure some foxfire!
The orc priest hits you.
* * * LOW HITPOINT WARNING * * *
Casting: Foxfire (safe; 3% risk of failure)
Confirm with . or Enter, or press ? or * to list all spells.
You conjure some foxfire!
The foxfire hits the orc priest but does no damage.
The foxfire hits the orc priest.
The orc priest is lightly wounded.
The orc priest hits you.
* * * LOW HITPOINT WARNING * * *
The foxfire hits the orc priest but does no damage.
The orc priest is lightly wounded.
The foxfire hits the orc priest but does no damage.
The orc priest is lightly wounded.
You aren't carrying any items that you can evoke.
Unknown command.
Unknown command.
The orc priest calls down the wrath of Beogh upon you.
Beogh smites you!
You die...

... #.##.##.#######...#
.... #...#.#.#..........
.... #............[.....
.....#..#.##.#..........
.....#..#.##.#####.#....
........o....# #.#....
######..####.# #.#....
#.......# #.#.... #
#####@###### #.#.... ..
######..[..# #...... #.
...##<##### ###...# ##.
#.#...## ##### ##.##
#...##..###.#
#...########... #.....#
#.# #.#........#.##
####..###.#
#...######.#รท##
#.#####.#...## ##.##
#.....[ #.......#####
#.######......


You could see an orc priest.

Vanquished Creatures
  Purgy (D:3)
  A bullfrog (D:3)
  Jessica (D:3)
  4 gnolls
  3 adders
  An ooze (D:2)
  2 dart slugs (D:1)
  3 leopard geckos
  4 orcs
  A ball python (D:1)
  6 bats
  2 giant cockroaches
  4 hobgoblins
  3 jackals
  3 frilled lizards
  3 goblins (D:1)
  3 kobolds
  8 rats
53 creatures vanquished.

Vanquished Creatures (others)
  123 foxfires
123 creatures vanquished.

Grand Total: 176 creatures vanquished

Notes
Turn   | Place    | Note
-------+----------+-------------------------------------------
     0 | D:1      | Doot the Octopode Fire Elementalist began the quest for the
                  | Orb.
     0 | D:1      | Reached XP level 1. HP: 11/11 MP: 3/3
   156 | D:1      | Reached XP level 2. HP: 17/17 MP: 3/5
   371 | D:1      | Reached XP level 3. HP: 21/21 MP: 0/6
  1391 | D:2      | Found an ancient bone altar of Kikubaaqudgha.
  1956 | D:2      | Reached XP level 4. HP: 27/27 MP: 7/7
  1965 | D:2      | Learned a level 4 spell: Sticky Flame
  2531 | D:3      | Noticed Jessica
  2586 | D:3      | Killed Jessica
  2947 | D:3      | Noticed Purgy
  2978 | D:3      | Reached XP level 5. HP: 30/31 MP: 6/9
  3549 | D:3      | Learned a level 3 spell: Conjure Flame
  3581 | D:3      | Killed Purgy
  3581 | D:3      | Reached XP level 6. HP: 32/37 MP: 0/11
  3805 | D:3      | Killed from afar by an orc priest

Illustrated notes

Levels and vault maps discovered:
D:1:      mainiacjoe_arrival_reflecting_pool, layout_basic, serial_forest,
          infiniplex_forest_lined_room_, infiniplex_forest_side_room,
          infiniplex_forest_straight_4, infiniplex_forest_lined_room_,
          infiniplex_forest_straight_3, infiniplex_forest_corner_1,
          interstate_on_off, minmay_tromino_v2
D:2:      layout_loops_cross, marbit_many_paths
D:3:      layout_loops_cross, first_ration, item_on_display_a, uniq_sigmund,
          uniq_purgy, uniq_jessica

Skill      XL: |  1  2  3  4  5 |
---------------+----------------+-----
Stealth        | 3 4 |  4.1
Conjurations   | 2 |  2.8
Fire Magic     | 4 |  4.5
Spellcasting   | 3 |  3.4
Fighting       | |  0.7
Short Blades   | |  0.9
Dodging        | |  2.4

Action                   |  1- 3 |  4- 6 || total
-------------------------+-------+-------++-------
Melee: Unarmed           |     6 |       ||     6
       Constrict         |     3 |     7 ||    10
       Tentacles         |     3 |     6 ||     9
       Dagger            |    16 |    26 ||    42
       Rapier            |       |     4 ||     4
 Cast: Foxfire           |    36 |    39 ||    75
       Conjure Flame     |       |     1 ||     1
       Sticky Flame      |       |     1 ||     1
 Stab: Sleeping          |     9 |     1 ||    10
  Eat: Chunk             |     3 |     6 ||     9
Armor: Skin              |     4 |     1 ||     5
Dodge: Dodged            |    18 |    27 ||    45
